 Dungeon Crawl Stone Soup version 0.25-a0-479-g8579842fd4 (webtiles) character file.

Game seed: 1601638869286975692, levelgen mode: deterministic

18 MrRokkomies the Chiller (level 2, 0/19 HPs)
             Began as a Vampire Ice Elementalist on Feb 9, 2020.
             Slain by a kobold
             ... wielding a +0 short sword
              (6 damage)
             ... on level 1 of the Dungeon.
             The game lasted 00:02:01 (601 turns).

MrRokkomies the Chiller (Vampire Ice Elementalist)   Turns: 601, Time: 00:02:01

Health: 0/19       AC:  2    Str:  7    XL:     2   Next: 48%
Magic:  5/5        EV: 13    Int: 17    God:
Gold:   23         SH:  0    Dex: 14    Spells: 4/5 levels left

rFire    . . .     SeeInvis +   a - +0 dagger (curse)
rCold    . . .     Gourm    .   (no shield)
rNeg     . . .     Faith    .   i - +0 robe
rPois    .         Spirit   .   (no helmet)
rElec    .         Reflect  .   (no cloak)
rCorr    .         Harm     .   (no gloves)
MR       .....                  (no boots)
Stlth    ++........             (no amulet)
HPRegen  0.26/turn              (no ring)
MPRegen  0.09/turn              (no ring)

@: regenerating quickly
A: no food, fangs 3, see invisible, unbreathing
a: Exsanguinate


You were on level 1 of the Dungeon.
You were alive.

You visited 1 branch of the dungeon, and saw 1 of its levels.

You collected 23 gold pieces.

Inventory:

Hand Weapons
 a - a cursed +0 dagger (weapon)
 b - a +0 hunting sling
Missiles
 d - 27 sling bullets
 f - 41 stones (quivered)
Armour
 i - a +0 robe (worn)
Potions
 c - a potion of curing {unknown}
 e - a potion of flight {unknown}
 g - a potion of mutation {unknown}
 h - a potion of degeneration {unknown}


   Skills:
 + Level 2.5 Dodging
 + Level 3.5 Stealth
 - Level 2.0 Spellcasting
 * Level 4.3 Ice Magic


You had 4 spell levels left.
You knew the following spells:

 Your Spells              Type           Power        Failure   Level  Hunger
a - Freeze                Ice            ###.         3%          1    N/A

Your spell library contained the following spells:

 Spells                   Type           Power        Failure   Level  Hunger
 Frozen Ramparts          Ice            ###...       10%         3    N/A
 Ozocubu's Armour         Chrm/Ice       #.......     24%         3    N/A
 Hailstorm                Conj/Ice       #.......     61%         4    N/A
 Summon Ice Beast         Ice/Summ       #.......     61%         4    N/A

Dungeon Overview and Level Annotations

Branches:
Dungeon (1/15)

Altars:


Innate Abilities, Weirdness & Mutations

You do not eat.
Your natural rate of healing is unusually fast.
You have razor-sharp teeth.
You have supernaturally acute eyesight. (SInv)
You can survive without breathing.


Message History

The kobold hits you with a +0 short sword.
You completely miss the kobold.
The kobold is moderately wounded.
The kobold hits you with a +0 short sword.
You hit the kobold.
The kobold is severely wounded.
The kobold closely misses you.
You closely miss the kobold.
The kobold is severely wounded.
The kobold hits you with a +0 short sword.
You closely miss the kobold. Your bite misses the kobold.
The kobold is severely wounded.
The kobold hits you with a +0 short sword.
You hit the kobold but do no damage.
The kobold is severely wounded.
The kobold barely misses you.
You hit the kobold but do no damage.
The kobold is severely wounded.
The kobold hits you with a +0 short sword.
You die...

# #.# #.#####.# ###.# #.#
#..†....##### ....# #.#
####.#....... ....# #.#
#.###.##.# ##### #.#
#.##.#.#.# # #.# #...###[..
# #.# ####.#.#.. # #K#
##.##.. #@# #.##.. #.#
#.##.. #.# #.##.. #.# #.....
#(# ####.. #.####### #.#
#########..
#......####.######..........
#.........................#
##.##.###########.#########


You could see a kobold.

Vanquished Creatures
  A dart slug (D:1)
  A leopard gecko (D:1)
  A ball python (D:1)
  3 giant cockroaches (D:1)
  2 goblins (D:1)
  A hobgoblin (D:1)
  2 kobolds (D:1)
  A frilled lizard (D:1)
12 creatures vanquished.

Notes
Turn   | Place    | Note
-------+----------+-------------------------------------------
     0 | D:1      | MrRokkomies the Vampire Ice Elementalist began the quest
                  | for the Orb.
     0 | D:1      | Reached XP level 1. HP: 13/13 MP: 3/3
   340 | D:1      | Reached XP level 2. HP: 19/19 MP: 5/5
   601 | D:1      | Slain by a kobold

Levels and vault maps discovered:
D:1:      dpeg_arrival_prison, layout_loops_ring

Action                   || total
-------------------------++-------
Melee: Unarmed           ||    39
       Bite              ||     2
       Dagger            ||    11
 Fire: Hunting sling     ||    25
 Cast: Freeze            ||     7
Armor: Robe              ||    10
Dodge: Dodged            ||    40

Table legend:
 A = Non-vault XP
 B = Vault XP
 C = Vault XP percentage of total XP
 D = Non-vault monster count
 E = Vault monster count
 F = Vault count percentage of total count
                 A         B        C        D         E       F
            +---------+---------+-------+---------+---------+-------
      Total |      24 |       2 |   7.7 |      11 |       1 |   8.3
            +---------+---------+-------+---------+---------+-------
        D:1 |      24 |       2 |   7.7 |      11 |       1 |   8.3
            +---------+---------+-------+---------+---------+-------
